 Dungeon Crawl Stone Soup version 0.30.0-29-ga12c61a403 (webtiles) character file.

Game seed: 8788456258467510445

689 Peloso the Covered (level 7, -1/61 HPs)
             Began as a Minotaur Fighter on June 23, 2023.
             Slain by a lemure (6 damage)
             ... led by Pikel
             ... on level 5 of the Dungeon.
             The game lasted 00:10:38 (3814 turns).

Peloso the Covered (Minotaur Fighter)               Turns: 3814, Time: 00:10:39

Health: -1/61      AC: 10    Str: 20    XL:     7   Next: 36%
Magic:  6/6        EV:  8    Int:  5    God:
Gold:   128        SH:  5    Dex: 12    Spells: 6/6 levels left

rFire   . . .        a - +0 long sword
rCold   . . .        d - +0 buckler
rNeg    . . .        c - +0 chain mail
rPois   .            (helmet restricted)
rElec   .            (no cloak)
rCorr   .            (no gloves)
SInv    .            (no boots)
Will    .....        (no amulet) Stlth
                     p - +4 ring of protection
HPRegen 0.30/turn    r - +4 ring of slaying
MPRegen 0.10/turn

%: no passive effects
@: corroded, invisible
A: horns 2, retaliatory headbutt
a: no special abilities


You were on level 5 of the Dungeon.
You visited 1 branch of the dungeon, and saw 5 of its levels.

You collected 248 gold pieces.
You spent 120 gold pieces at shops.

Inventory:

Hand Weapons
 a - a +0 long sword (weapon)
Armour
 b - a +0 scale mail
 c - a +0 chain mail (worn)
 d - a +0 buckler (worn)
Jewellery
 h - a +6 ring of dexterity
 i - a ring of protection from cold
 p - a +4 ring of protection (left hand)
 r - a +4 ring of slaying (right hand)
Wands
 w - a wand of flame (21)
Scrolls
 f - a scroll of amnesia {unknown}
 g - 2 scrolls of torment {unknown}
 j - a scroll of poison {unknown}
 l - a scroll of noise {unknown}
 n - a scroll of acquirement {unknown}
 o - 2 scrolls of fear {unknown}
 s - a scroll of immolation {unknown}
 t - 2 scrolls of butterflies {unknown}
 x - a scroll of teleportation
 y - 2 scrolls of enchant armour
 z - a scroll of blinking {unknown}
 A - a scroll of fog {unknown}
Potions
 e - a potion of might
 k - 3 potions of haste
 m - 2 potions of invisibility
 q - 2 potions of cancellation
 u - 3 potions of curing
 v - a potion of brilliance


   Skills:
 + Level 5.1 Fighting
 + Level 6.4 Long Blades
 + Level 6.6 Armour
 + Level 1.3 Dodging
 + Level 4.8 Shields


You had 6 spell levels left.
You didn't know any spells.
Your spell library contained the following spells:

 Spells                   Type           Power      Damage    Failure   Level
 Apportation              Tloc           0%         N/A       99%         1
 Necrotise                Necr           0%         1d4       99%         1
 Shock                    Conj/Air       0%         1d3       99%         1
 Summon Small Mammal      Summ           0%         N/A       99%         1
 Cigotuvi's Dreadful Rot  Necr/Pois/Air  0%         N/A       100%        2
 Ignite Poison            Fire/Tmut/Pois 0%         N/A       100%        3
 Swiftness                Air            0%         N/A       100%        3
 Airstrike                Air            0%         2d(0-16)  100%        4
 Freezing Cloud           Conj/Ice/Air   0%         6-21      100%        5


Dungeon Overview and Level Annotations

Branches:
Dungeon (5/15)
 Temple: D:4-7

Altars:

Shops:
D:2 (!==[   D:3 !*[*

Annotations:
D:5 Duvessa, Pikel


Innate Abilities, Weirdness & Mutations

You have a pair of horns on your head.
You reflexively headbutt those who attack you in melee.


Message History

Pikel hits you with a +2 whip of electrocution.
Unknown command.
You barely miss Pikel.
Pikel is moderately wounded.
You block the lemure's attack. The lemure hits you but does no damage.
Pikel hits you but does no damage.
Unknown command.
You hit Pikel. You headbutt Pikel, but do no damage.
Pikel is heavily wounded.
The lemure closely misses you. You furiously retaliate!
You headbutt the lemure! The lemure hits you.
Pikel zaps a wand.
The bolt of acid hits you! The acid corrodes you! The lemure barely misses you.
The lemure hits you. Pikel hits you but does no damage.
Unknown command.
You slash Pikel!
Pikel is severely wounded.
You block the lemure's attack. The lemure misses you.
Pikel hits you but does no damage.
Unknown command.
You hit Pikel.
Pikel is severely wounded.
The lemure closely misses you. You furiously retaliate!
You headbutt the lemure, but do no damage.
You block the lemure's attack. You block Pikel's attack.
Unknown command.
You hit Pikel but do no damage. You headbutt Pikel, but do no damage.
Pikel is severely wounded.
The lemure hits you but does no damage. The lemure hits you.
Pikel hits you with a +2 whip of electrocution.
You are electrocuted!
* * * LOW HITPOINT WARNING * * *
Unknown command.
You fade into invisibility!
The lemure barely misses you. The lemure hits you.
* * * LOW HITPOINT WARNING * * *
Pikel hits you with a +2 whip of electrocution.
* * * LOW HITPOINT WARNING * * *
Unknown command.
The lemure hits you.
You die...

##......## #....
#.).....#######.
##...............
###................
#.............##...
..###........## .
## ##..##...#
#..###..# #.@# ##.#
#55# ..# #.K.# ....
#...5e ### #..###..
...# ..# ...# ..#
.## ..# ...


You could see Pikel (unable to see you), Duvessa (berserk, unable to see you)
and 3 lemures.

Vanquished Creatures
  3 black bears
  A scorpion (D:4)
  Dowan (D:5)
  A jelly (D:4)
  A hound (D:5)
  Jessica (D:3)
  Terence (D:2)
  2 iguanas
  An orc wizard (D:4)
  4 adders
  A shadow imp (D:3)
  A worm (D:2)
  2 dart slugs (D:4)
  4 orcs (D:4)
  4 endoplasms
  3 giant cockroaches
  7 goblins
  7 hobgoblins
  4 jackals (D:2)
  6 quokkas
  5 ball pythons
  8 bats
  4 frilled lizards
  12 kobolds
84 creatures vanquished.

Notes
Turn   | Place    | Note
-------+----------+-------------------------------------------
     0 | D:1      | Peloso the Minotaur Fighter began the quest for the Orb.
     0 | D:1      | Reached XP level 1. HP: 19/19 MP: 0/0
    85 | D:1      | Reached XP level 2. HP: 11/27 MP: 1/1
   335 | D:1      | Reached XP level 3. HP: 33/33 MP: 2/2
   719 | D:2      | Noticed Terence
   725 | D:2      | Killed Terence
   756 | D:2      | Found Sonepna's Jewellery Shop.
   773 | D:2      | Found Inneisof's Jewellery Shop.
   912 | D:2      | Reached XP level 4. HP: 24/40 MP: 3/3
  1061 | D:2      | Found Waofiq's Weapon Emporium.
  1135 | D:2      | Found Galuy's Distillery.
  1271 | D:2      | Found Qoaddeuj's Antique Armour Shoppe.
  1467 | D:3      | Noticed Jessica
  1470 | D:3      | Killed Jessica
  1471 | D:3      | Found Azoa's Assorted Antiques.
  1480 | D:3      | Bought a green potion for 16 gold pieces
  1480 | D:3      | Bought a scroll labelled XALUXUKOMEPSUDGH for 18 gold
                  | pieces
  1480 | D:3      | Bought a scroll labelled COKHO CATWIUM for 18 gold pieces
  1525 | D:3      | Found Qumuatic's Assorted Antiques.
  1531 | D:3      | Found Gerchiofa's Distillery.
  1567 | D:3      | Found Omedanua's Armour Shoppe.
  2342 | D:3      | Bought a scroll labelled XALUXUKOMEPSUDGH for 34 gold
                  | pieces
  2342 | D:3      | Bought a scroll labelled SOCUSE TIURCHYI for 34 gold pieces
  2412 | D:4      | Reached XP level 5. HP: 43/47 MP: 4/4
  2420 | D:4      | Reached skill level 5 in Armour
  2810 | D:4      | Noticed a black bear
  2810 | D:4      | Noticed a black bear
  2855 | D:4      | Reached XP level 6. HP: 47/53 MP: 5/5
  2905 | D:4      | Reached skill level 5 in Long Blades
  3172 | D:4      | Reached skill level 5 in Fighting
  3172 | D:4      | Reached skill level 1 in Dodging
  3442 | D:5      | Entered Level 5 of the Dungeon
  3525 | D:5      | Reached XP level 7. HP: 50/61 MP: 6/6
  3570 | D:5      | Noticed Dowan
  3578 | D:5      | Killed Dowan
  3798 | D:5      | Noticed Pikel
  3801 | D:5      | Noticed Duvessa
  3814 | D:5      | Slain by a lemure

Illustrated notes

Levels and vault maps discovered:
D:1:      sevenhm_arrival_forest_fort_small_3, layout_rooms
D:2:      layout_loops_ring, serial_shops, shop,
          nicolae_shop_tiny_statue_garden, shop, shop, shop, corner_web_ring,
          uniq_terence
D:3:      wander_river, layout_basic, serial_shops, shop, shop_statue,
          nicolae_shop_pleasant_corner_grove, shop, uniq_jessica
D:4:      minmay_opposing_rooms, layout_basic, serial_rivers,
          chequers_serial_rivers_micro_b, chequers_serial_rivers_micro_a,
          chequers_serial_rivers_marsh, chequers_serial_rivers_room_b,
          chequers_serial_rivers_small_3, chequers_serial_rivers_large_b,
          chequers_serial_rivers_room_b
D:5:      layout_layer_cave, uniq_duvessa, uniq_pikel, uniq_sigmund

Skill      XL: |  1  2  3  4  5  6  7 |
---------------+----------------------+-----
Fighting       | 4 5 |  5.1
Armour         | 4 5 6 |  6.6
Long Blades    | 3 4 5 6 |  6.4
Shields        | 4 |  4.8
Dodging        | 1 |  1.3

Action                     |  1- 3 |  4- 6 |  7- 9 || total
---------------------------+-------+-------+-------++-------
  Melee: Long sword        |    96 |    92 |    22 ||   210
         Headbutt          |    15 |    12 |     3 ||    30
    Use: Potion            |     1 |       |     1 ||     2
         Scroll            |       |     8 |       ||     8
 Armour: Scale mail        |    11 |       |       ||    11
         Chain mail        |    57 |    67 |    22 ||   146
  Dodge: Dodged            |    52 |    39 |    14 ||   105
  Block: Buckler           |    38 |    25 |    10 ||    73
